 Dungeon Crawl Stone Soup version 0.17-a0-1850-g688e747 (webtiles) character file.

9810 Banto the Spear-Bearer (level 11, -20/82 HPs)
             Began as a Demonspawn Gladiator on Sept 19, 2015.
             Was a High Priest of Okawaru.
             Demolished by a hill giant
             ... wielding a +0 giant club
              (28 damage)
             ... on level 11 of the Dungeon.
             The game lasted 00:23:13 (11647 turns).

Banto the Spear-Bearer (Demonspawn Gladiator)      Turns: 11647, Time: 00:23:14

Health: -20/82     AC: 14    Str: 16    XL:     11   Next: 27%
Magic:  0/11       EV:  9    Int: 10    God:    Okawaru [*****.]
Gold:   359        SH:  0    Dex: 16    Spells: 0 memorised, 10 levels left

rFire  + + .     SeeInvis .     t - +2 glaive (flame)
rCold  . . .     Clarity  .     i - +1 chain mail
rNeg   . . .     SustAt   .     (no shield)
rPois  +         Gourm    .     (helmet unavailable)
rElec  .         Spirit   +     l - +0 cloak
rCorr  .         Warding  .     a - +0 pair of gloves
rMut   .         Stasis   .     (no boots)
MR     .....                    n - amulet of guardian spirit
Stlth  ..........               g - ring of poison resistance
                                k - ring of protection from fire

@: not resistant to hostile enchantments, extremely unstealthy
A: horns 3, yellow scales 1, fire resistance 1, nightstalker 2
a: Heroism, Finesse, Renounce Religion


You were on level 11 of the Dungeon.
You worshipped Okawaru.
Okawaru was extremely pleased with you.
You were hungry.

You visited 2 branches of the dungeon, and saw 12 of its levels.
You also visited: Sewer.

You collected 685 gold pieces.
You spent 326 gold pieces at shops.

Inventory:

Hand weapons
 t - a +2 glaive of flaming (weapon)
Missiles
 d - a throwing net (quivered)
Armour
 a - a +0 pair of gloves (worn)
 i - a +1 chain mail (worn)
 l - a +0 cloak (worn)
 s - a +0 ring mail of magic resistance
Jewellery
 g - a ring of poison resistance (right hand)
 j - an uncursed amulet of warding
 k - a ring of protection from fire (left hand)
 n - an amulet of guardian spirit (around neck)
Magical devices
 w - a wand of paralysis (22)
 A - a wand of magic darts (22)
 C - a wand of digging (24)
Scrolls
 o - 5 scrolls of amnesia
 q - 2 scrolls of identify
 x - a scroll of magic mapping
 y - 2 scrolls of blinking
 z - 3 scrolls of enchant weapon
Potions
 f - 6 potions of haste
 m - 3 potions of curing
 r - a potion of resistance
 v - 3 potions of heal wounds
 E - a potion of brilliance
Comestibles
 b - 5 meat rations
 c - 3 beef jerkies
 e - 9 bread rations
 p - 8 slices of pizza
 u - 9 fruits


   Skills:
 * Level 6.3 Fighting
 - Level 14.0 Polearms
 - Level 1.7 Throwing
 + Level 3.4 Armour
 + Level 4.7 Dodging


You had 10 spell levels left.
You didn't know any spells.

Dungeon Overview and Level Annotations

Branches:
Dungeon (11/15)            Temple (1/1) D:5            Lair (0/8) D:8
    Orc (0/4) D:9

Altars:
Ashenzari
Cheibriados
Dithmenos
Elyvilon
Fedhas
Gozag
Kikubaaqudgha
Makhleb
Nemelex Xobeh
Okawaru
Qazlal
Ru
Sif Muna
Trog
Vehumet
Xom
Yredelemnul
Zin
The Shining One
Beogh

Shops:
D:4 ?   D:9 (%((

Annotations:
D:7 Joseph


Innate Abilities, Weirdness & Mutations

You have a pair of large horns on your head.
You are partially covered in yellow scales (AC +2).
Your flesh is heat resistant.
You are significantly more attuned to the shadows.


Message History

Press: ? - help, Dir - move target cursor, f/p - hill giant
Aim: a hill giant, wielding a giant club (heavily wounded)
You completely miss the hill giant. You headbutt the hill giant!
The hill giant is severely wounded.
The hill giant hits you with a giant club!!
* * * LOW HITPOINT WARNING * * *
Attack whom?
Press: ? - help, Dir - move target cursor, f/p - hill giant
Aim: a hill giant, wielding a giant club (severely wounded)
You hit the hill giant. You burn the hill giant. You headbutt the hill giant.
The hill giant is almost dead.
The hill giant hits you with a giant club!
* * * LOW HITPOINT WARNING * * *
Attack whom?
Press: ? - help, Dir - move target cursor, f/p - hill giant
Aim: a hill giant, wielding a giant club (almost dead)
You hit the hill giant. You burn the hill giant.
The hill giant is almost dead.
The hill giant hits you with a giant club!!
You die...

# #..##.# #
##.##(###### #
#....(....# #
#..#(####.# #
#..#.# #.#
#####....####.#####
#...#.#..##.......#
#..##.#..##.......#
#..##.#..##...@...#
#<....#..##...C...#
####### #......!#
#...?...# #.......#
###.#####


You could see a hill giant.

Vanquished Creatures
  2 hydras (D:11)
  The ghost of Banto the Spear-Bearer, an experienced DsGl of Okawaru (D:10)
  Pikel (D:7)
  A cyclops (D:11)
  A komodo dragon (D:8)
  The ghost of Enish the Gusty, an average HEAE (D:5)
  A wyvern (D:9)
  9 yaks
  A wraith (D:8)
  Eustachio (D:4)
  3 hippogriffs (D:10)
  A human (D:7)
  A hungry ghost (D:8)
  The ghost of godescalc the Gusty, an average TeAE (D:3)
  A black bear (D:6)
  3 ice beasts
  A sky beast (D:11)
  2 ogres (D:7)
  An orc warrior (D:6)
  3 centaurs
  3 crocodiles
  3 necrophages
  2 slaves (D:7)
  7 giant frogs
  Blork the orc (D:5)
  A wyvern zombie (D:6)
  A gnoll sergeant (D:8)
  5 scorpions
  4 wights
  3 human zombies (D:8)
  4 jellies
  A centaur skeleton (D:9)
  6 crimson imps
  A giant frog zombie (D:6)
  3 hounds
  Crazy Yiuf (D:7)
  5 orc priests
  Ijyb (D:3)
  Jessica (D:3)
  3 giant frog skeletons
  Terence (D:3)
  Natasha (thrice) (D:4)
  2 iguanas
  6 orc wizards
  7 worker ants
  A killer bee zombie (D:7)
  2 sheep (D:7)
  A hound zombie (D:11)
  4 mummies (D:8)
  4 hound skeletons
  Robin (D:4)
  A river rat (D:3)
  A worker ant zombie (D:8)
  15 adders
  4 gnolls (D:8)
  3 shadow imps
  An ooze (D:1)
  An adder skeleton (D:5)
  4 worms
  17 orcs
  14 bats
  5 giant cockroaches
  15 hobgoblins
  5 jackals
  6 quokkas
  A ball python (D:3)
  9 giant geckos
  2 giant gecko skeletons
  A giant gecko zombie (D:5)
  3 giant newts
  15 goblins
  12 kobolds
  An orc zombie (D:8)
  14 rats
274 creatures vanquished.

Vanquished Creatures (others)
  A plant (D:8)
1 creature vanquished.

Grand Total: 275 creatures vanquished

Notes
Turn   | Place    | Note
--------------------------------------------------------------
     0 | D:1      | Banto the Demonspawn Gladiator began the quest for the Orb.
     0 | D:1      | Reached XP level 1. HP: 16/16 MP: 1/1
    78 | D:1      | Reached skill level 3 in Polearms
   164 | D:1      | Gained mutation: Your flesh is heat resistant. [demonic ancestry]
   164 | D:1      | Reached XP level 2. HP: 22/22 MP: 2/2
   681 | D:1      | Reached XP level 3. HP: 23/27 MP: 3/3
   743 | D:2      | Reached skill level 4 in Polearms
   809 | D:2      | Found a blossoming altar of Fedhas.
   823 | D:2      | Found a snail-covered altar of Cheibriados.
  1073 | D:2      | Gained mutation: You have a pair of small horns on your head. [demonic ancestry]
  1073 | D:2      | Reached XP level 4. HP: 29/33 MP: 4/4
  1247 | D:2      | Found a burning altar of Makhleb.
  1301 | D:3      | Noticed Terence
  1338 | D:3      | Killed Terence
  1338 | D:3      | Reached skill level 5 in Polearms
  1398 | D:3      | Noticed godescalc's ghost (average TeAE)
  1473 | D:3      | Killed godescalc's ghost
  1473 | D:3      | Gained mutation: You are slightly more attuned to the shadows. [demonic ancestry]
  1473 | D:3      | Reached XP level 5. HP: 27/38 MP: 5/5
  1505 | D:3      | Reached skill level 6 in Polearms
  1728 | D:3      | Found a glowing drain.
  1741 | Sewer    | Entered a sewer
  1766 | Sewer    | Reached XP level 6. HP: 30/44 MP: 6/6
  2366 | D:3      | Noticed Jessica
  2372 | D:3      | Killed Jessica
  2627 | D:3      | Noticed Ijyb
  2654 | D:3      | Killed Ijyb
  2699 | D:3      | Found a shattered altar of Ashenzari.
  2834 | D:4      | Noticed Robin
  2840 | D:4      | Killed Robin
  2840 | D:4      | Reached skill level 7 in Polearms
  2915 | D:4      | Noticed Natasha
  2928 | D:4      | Killed Natasha
  3183 | D:3      | Reached XP level 7. HP: 50/50 MP: 7/7
  3513 | D:4      | Noticed Natasha
  3524 | D:4      | Killed Natasha
  3693 | D:4      | Found Ucask's Magic Scroll Shop.
  3695 | D:4      | Noticed Natasha
  3697 | D:4      | Killed Natasha
  3704 | D:4      | Bought a scroll of random uselessness for 11 gold pieces
  3704 | D:4      | Bought a scroll of magic mapping for 38 gold pieces
  3704 | D:4      | Bought a scroll of blinking for 82 gold pieces
  3785 | D:4      | Reached skill level 8 in Polearms
  4075 | D:5      | Entered Level 5 of the Dungeon
  4155 | D:5      | Noticed Blork the orc
  4341 | D:5      | Killed Blork the orc
  4436 | D:5      | Noticed Enish's ghost (average HEAE)
  4453 | D:5      | Noticed Eustachio
  4489 | D:4      | Killed Eustachio
  4489 | D:4      | Reached skill level 9 in Polearms
  4489 | D:4      | Gained mutation: You have a pair of horns on your head. [demonic ancestry]
  4489 | D:4      | Reached XP level 8. HP: 52/56 MP: 8/8
  4570 | D:5      | Killed Enish's ghost
  5030 | D:5      | Found a staircase to the Ecumenical Temple.
  5040 | Temple   | Entered the Ecumenical Temple
  5085 | Temple   | Became a worshipper of Warmaster Okawaru
  5236 | D:6      | Reached skill level 10 in Polearms
  5873 | D:6      | Acquired Okawaru's first power
  6002 | D:6      | Reached skill level 11 in Polearms
  6033 | D:6      | Gained mutation: You have a pair of large horns on your head. [demonic ancestry]
  6033 | D:6      | Reached XP level 9. HP: 57/61 MP: 9/9
  6692 | D:7      | Noticed Pikel
  6708 | D:7      | Killed Pikel
  6708 | D:7      | Reached skill level 12 in Polearms
  6712 | D:7      | Found a basalt altar of Yredelemnul.
  6716 | D:7      | Found a sparkling altar of Nemelex Xobeh.
  6806 | D:7      | Noticed Crazy Yiuf
  6819 | D:7      | Killed Crazy Yiuf
  7472 | D:7      | Noticed Joseph
  8098 | D:8      | Found a glowing silver altar of Zin.
  8226 | D:8      | Reached skill level 13 in Polearms
  8246 | D:8      | Gained mutation: You are partially covered in yellow scales (AC +2). [demonic ancestry]
  8246 | D:8      | Reached XP level 10. HP: 56/67 MP: 10/10
  8300 | D:8      | Found a basalt altar of Yredelemnul.
  8519 | D:8      | Found a staircase to the Lair.
  8520 | D:8      | Noticed a komodo dragon
  9102 | D:8      | Killed a komodo dragon
  9158 | D:9      | Found Ikkohuup's Food Emporium.
  9195 | D:9      | Found Vuim's Antique Weapon Boutique.
  9202 | D:9      | Bought a glowing glaive for 195 gold pieces
  9364 | D:9      | Found a staircase to the Orcish Mines.
  9377 | D:9      | Found an iron altar of Okawaru.
  9420 | D:9      | Found a roughly hewn altar of Beogh.
  9508 | D:9      | Reached skill level 14 in Polearms
  9523 | D:9      | Found Des Owk's Weapon Emporium.
  9572 | D:9      | Found Biluthri's Antique Weapon Emporium.
  9577 | D:9      | Reached skill level 1 in Armour
  9781 | D:10     | Entered Level 10 of the Dungeon
  9955 | D:10     | Noticed Banto's ghost (experienced DsGl)
  9973 | D:10     | Killed Banto's ghost
 10585 | D:11     | Noticed a cyclops
 10585 | D:11     | Noticed a six-headed hydra
 10596 | D:11     | Killed a one-headed hydra
 10596 | D:11     | Acquired Okawaru's second power
 10596 | D:11     | Reached skill level 5 in Fighting
 10596 | D:11     | Gained mutation: You are significantly more attuned to the shadows. [demonic ancestry]
 10596 | D:11     | Reached XP level 11. HP: 52/80 MP: 8/11
 10615 | D:11     | Killed a cyclops
 10708 | D:11     | Noticed a brown ugly thing
 10946 | D:11     | Noticed an eight-headed hydra
 10954 | D:11     | Killed a three-headed hydra
 11363 | D:11     | Noticed a cyclops
 11368 | D:11     | Noticed a cyclops
 11637 | D:11     | Noticed a hill giant
 11647 | D:11     | Demolished by a hill giant

Vault maps used:
D:1:      shiori_arrival_maze, wad_floor_pattern_untrapped
D:2:      fedhas_altar_1, cheibriados_altar_1, lightli_temple_of_fire,
          grunt_ministairs_2, kennysheep_decorative_pillar
D:3:      lemuel_coloured_pillars_altar, gup_sewer_entry_bubbles, uniq_terence,
          uniq_jessica, uniq_iyjb
D:4:      serial_shops, shop, uniq_natasha, uniq_robin
D:5:      temple_green, first_bread, uniq_blork_the_orc, uniq_eustachio
D:6:      minmay_statues_item
D:7:      nemelex_xobeh_ov_fountains_minmay, basic_altar, grunt_livestock,
          uniq_joseph, uniq_crazy_yiuf_cottage, uniq_pikel
D:8:      kennysheep_mini, david_lair_shrubbed, minivault_11, minivault_22,
          lemuel_mausoleum_altar_yredelemnul
D:9:      minmay_orc_entry_temple_small, serial_shops,
          nicolae_shop_window_shopping,
          nicolae_shop_competitors_out_of_business, nicolae_shop_waterfront,
          nicolae_shop_waterfront, okawaru_trees_2
D:11:     uniq_erica
Temple:   circular_temple_13
Sewer:    sewer_big_baddie

Action                   |  1- 3 |  4- 6 |  7- 9 | 10-12 || total
-------------------------+-------+-------+-------+-------++-------
Melee: Trident           |   145 |   309 |   456 |   139 ||  1049
       Glaive            |       |       |       |   186 ||   186
Throw: Throwing net      |       |     2 |     1 |     1 ||     4
Invok: Heroism           |       |       |       |     2 ||     2
Evoke: Wand              |       |       |    12 |       ||    12
  Use: Potion            |       |     3 |       |       ||     3
       Scroll            |       |     5 |     2 |     7 ||    14
 Stab: Sleeping          |     2 |       |       |       ||     2
       Held in net/web   |       |       |     2 |       ||     2
       Distracted        |       |       |       |     1 ||     1
  Eat: Chunk             |       |     8 |    16 |    10 ||    34
       Royal jelly       |       |       |       |     1 ||     1
